 Dungeon Crawl Stone Soup version 0.29.1-15-g9cfb28693d (webtiles) character file.

Game seed: 1480751674393014581

1201 croobank the Firebug (level 8, -1/59 (60) HPs)
             Began as a Demonspawn Fire Elementalist on Mar 31, 2023.
             Slain by a wight
             ... wielding a +0 falchion
              (4 damage)
             ... on level 5 of the Dungeon.
             The game lasted 00:46:04 (6666 turns).

croobank the Firebug (Demonspawn Fire Elementalist) Turns: 6666, Time: 00:46:05

HP:   -1/59 (60)    AC:  2    Str:  8    XL:     8   Next: 21%
MP:   5/14          EV: 15    Int: 19    God:
Gold: 216           SH:  5    Dex: 14    Spells: 12/15 levels left

rFire   . . .      SeeInvis .   a - +0 dagger
rCold   . . .      Faith    .   (no shield)
rNeg    . . .      Spirit   .   i - +0 robe
rPois   .          Reflect  +   (no helmet)
rElec   .          Harm     .   t - scarf {shadows}
rCorr   .          Rampage  .   (no gloves)
Will    .....                   (no boots)
Stlth   +++.......              r - amulet of reflection
HPRegen 0.19/turn               (no ring)
MPRegen 0.14/turn               (no ring)

@: hasted, lightly drained, very quick
A: claws 1, repulsion field 1, powered by pain 2, demonic magic 2
a: no special abilities


You were on level 5 of the Dungeon.
You visited 1 branch of the dungeon, and saw 5 of its levels.

You collected 216 gold pieces.

Inventory:

Hand Weapons
 a - a +0 dagger (weapon)
 b - a +3 sling
 c - a +0 mace
 j - a +0 short sword
 k - a +0 trident
 m - a +1 antimagic hand axe
 x - a +2 vampiric war axe
Armour
 i - a +0 robe (worn)
 o - a +1 kite shield
 q - a +0 ring mail
 t - a scarf of shadows (worn)
Magical Staves
 v - a staff of fire
Jewellery
 r - an amulet of reflection (around neck)
 u - a ring of fire
Scrolls
 d - 6 scrolls of teleportation
 g - 3 scrolls of poison
 p - 4 scrolls of magic mapping
 B - a scroll of amnesia
Potions
 e - a potion of might
 f - a potion of heal wounds {unknown}
 l - 2 potions of flight
 n - 4 potions of curing
 s - 2 potions of mutation
 w - 2 potions of attraction {unknown}
 z - a potion of lignification {unknown}
 A - a potion of cancellation {unknown}
 C - a potion of berserk rage {unknown}


   Skills:
 + Level 3.7 Fighting
 + Level 3.9 Dodging
 + Level 4.2 Stealth
 + Level 4.2 Spellcasting
 + Level 3.9 Conjurations
 + Level 4.5 Fire Magic


You had 12 spell levels left.
You knew the following spells:

 Your Spells              Type           Power      Damage    Failure   Level
a - Foxfire               Conj/Fire      80%        2x1d8     2%          1
b - Scorch                Fire           42%        2d7       3%          2

Your spell library contained the following spells:

 Spells                   Type           Power      Damage    Failure   Level
 Conjure Flame            Conj/Fire      20%        6-21      7%          3
 Summon Small Mammal      Summ           12%        N/A       14%         1
 Inner Flame              Hex/Fire       12%        N/A       16%         3
 Dazzling Flash           Conj/Hex       22%        N/A       19%         3
 Flame Wave               Conj/Fire      20%        2d7       24%         4
 Call Canine Familiar     Summ           3%         N/A       38%         3
 Summon Guardian Golem    Hex/Summ       3%         N/A       38%         3
 Iskenderun's Mystic Bla  Conj/Tloc      11%        2d4       52%         4
 Fireball                 Conj/Fire      10%        3d6       54%         5
 Starburst                Conj/Fire      10%        6d5       98%         6
 Ignition                 Fire           10%        3d5       100%        8


Dungeon Overview and Level Annotations

Branches:
Dungeon (5/15)
 Temple: D:4-7

Altars:

Annotations:
D:3 1 runed translucent door, Calibrex's ghost, amateur DsGl


Innate Abilities, Weirdness & Mutations

You have sharp fingernails.
You are surrounded by a mild repulsion field. (EV +2)
You sometimes gain power by taking damage.
Spells you cast may paralyse nearby enemies.


Message History

Eustachio is heavily wounded.
Eustachio is no longer paralysed.
Eustachio gestures wildly while chanting.
Eustachio closely misses you.
You completely miss Eustachio.
Eustachio is heavily wounded.
Eustachio barely misses you. The shadow imp closely misses you.
Casting: Scorch (safe; 3% risk of failure)
Confirm with . or Enter, or press ? or * to list all spells.
Flames lash the shadow imp.
The shadow imp is almost dead.
The shadow imp's fire resistance burns away.
Malevolent energies surge around you.
Eustachio suddenly stops moving!
The wight suddenly stops moving!
Eustachio is no longer more vulnerable to fire.
The wight is no longer more vulnerable to fire.
The shadow imp gestures at you. Pain shoots through your body!
* * * LOW HITPOINT WARNING * * *
The helpless Eustachio fails to defend himself.
You puncture Eustachio!
Eustachio is almost dead.
You block the shadow imp's attack.
The helpless Eustachio fails to defend himself.
You puncture Eustachio!
You kill Eustachio!
The shadow imp disappears in a puff of smoke!
Found a glowing double sword.
The wight is no longer paralysed.
You block the wight's attack. The ice beast closely misses you.
Things that are here:
a +0 falchion; a +0 leather armour Saving game... please wait.
Welcome back, croobank the Demonspawn Fire Elementalist.
Press ? for a list of commands and other information.
You feel yourself speed up.
An orc warrior comes into view. It is wielding a +0 long sword.
The wight hits you with a +0 falchion!
* * * LOW HITPOINT WARNING * * *
You feel drained.
You die...

#.......# #.####.
######### #.####.
#...... #.####. #.# #.
##########.# ## ..
##..........#
....###[#.#######.#####
##..Wz@###.# #......
)#..$##Y# ## #######
##.. ..# ... ### o. .


You could see an orc warrior, an ice beast, a phantom and a wight.

Vanquished Creatures
  Eustachio (D:5)
  2 water moccasins (D:5)
  An orc warrior (D:5)
  2 ice beasts (D:5)
  2 black bears
  A centaur (D:5)
  Blork the orc (D:4)
  2 hounds
  2 iguanas
  A gnoll (D:1)
  3 adders
  2 worms (D:3)
  5 dart slugs
  11 orcs (D:5)
  8 bats
  9 endoplasms
  3 goblins
  7 hobgoblins
  9 jackals
  5 quokkas
  6 ball pythons
  A frilled lizard (D:3)
  9 kobolds
  A rat (D:3)
  A toadstool (D:1)
95 creatures vanquished.

Vanquished Creatures (others)
  90 foxfires
  3 toadstools (D:1)
93 creatures vanquished.

Grand Total: 188 creatures vanquished

Notes
Turn   | Place    | Note
-------+----------+-------------------------------------------
     0 | D:1      | croobank the Demonspawn Fire Elementalist began the quest
                  | for the Orb.
     0 | D:1      | Reached XP level 1. HP: 13/13 MP: 3/3
   299 | D:1      | Gained mutation: Spells you cast may paralyse adjacent
                  | enemies. [demonic ancestry]
   299 | D:1      | Reached XP level 2. HP: 20/20 MP: 1/5
   352 | D:1      | Learned a level 2 spell: Scorch
   559 | D:1      | Found a faded altar of an unknown god.
  1011 | D:1      | Gained mutation: Spells you cast may paralyse nearby
                  | enemies. [demonic ancestry]
  1011 | D:1      | Reached XP level 3. HP: 25/25 MP: 1/6
  1401 | D:1      | Reached skill level 1 in Fighting
  2236 | D:2      | Gained mutation: You have sharp fingernails. [demonic
                  | ancestry]
  2236 | D:2      | Reached XP level 4. HP: 29/32 MP: 0/7
  3004 | D:3      | Found a runed translucent door.
  3005 | D:3      | Noticed Calibrex's ghost (amateur DsGl)
  4061 | D:4      | Noticed a black bear
  4067 | D:4      | Killed a black bear
  4068 | D:4      | Gained mutation: You sometimes gain a little power by
                  | taking damage. [demonic ancestry]
  4068 | D:4      | Reached XP level 5. HP: 37/38 MP: 1/9
  4786 | D:4      | Noticed Blork the orc
  4791 | D:4      | Killed Blork the orc
  4792 | D:4      | Gained mutation: You are surrounded by a mild repulsion
                  | field. (EV +2) [demonic ancestry]
  4792 | D:4      | Reached XP level 6. HP: 44/44 MP: 2/10
  5233 | D:5      | Entered Level 5 of the Dungeon
  5233 | D:5      | Noticed a water moccasin
  5243 | D:5      | Killed a water moccasin
  5574 | D:5      | Gained mutation: You sometimes gain power by taking damage.
                  | [demonic ancestry]
  5574 | D:5      | Reached XP level 7. HP: 26/51 MP: 6/12
  6645 | D:5      | Noticed Eustachio
  6656 | D:5      | Reached XP level 8. HP: 13/58 MP: 10/14
  6664 | D:5      | Killed Eustachio
  6666 | D:5      | HP: 3/60 [wight/+0 falchion (9)]
  6666 | D:5      | Slain by a wight

Illustrated notes

Levels and vault maps discovered:
D:1:      ldierk_water_garden, layout_basic,
          hellmonk_ecumenical_altar_arch_garden, minmay_pentomino_o4
D:2:      layout_loops_ring, grunt_decor_resistance
D:3:      layout_basic, ebering_ghost_reflecting_pool
D:4:      nicolae_cairo_tiling_very_big, layout_basic, mrwooster_statue_mirror,
          grunt_decor_clamped, uniq_blork_the_orc
D:5:      layout_loops_ring, nicolae_concentric_dashed_squares_wild,
          sword_in_stone

Skill      XL: |  1  2  3  4  5  6  7 |
---------------+----------------------+-----
Stealth        | 2 3 4 |  4.2
Dodging        | 2 3 |  3.9
Fighting       | 1 2 3 |  3.7
Fire Magic     | 3 4 |  4.5
Conjurations   | 2 3 |  3.9
Spellcasting   | 3 4 |  4.2

Action                   |  1- 3 |  4- 6 |  7- 9 || total
-------------------------+-------+-------+-------++-------
Melee: Unarmed           |    13 |       |       ||    13
       Mace              |     1 |       |       ||     1
       Dagger            |    18 |    24 |    16 ||    58
       Punch             |     1 |       |       ||     1
       Staff             |       |     1 |     8 ||     9
       War axe           |       |    15 |     2 ||    17
       Short sword       |       |       |     5 ||     5
 Fire: Sling             |    24 |    11 |       ||    35
 Cast: Foxfire           |    28 |    26 |     5 ||    59
       Scorch            |    17 |    31 |    25 ||    73
  Use: Scroll            |       |    17 |     2 ||    19
       Potion            |       |       |     4 ||     4
 Stab: Paralysed         |     3 |     7 |    17 ||    27
       Sleeping          |     1 |     5 |     1 ||     7
Armor: Robe              |     5 |     8 |     2 ||    15
Dodge: Dodged            |    20 |    28 |    18 ||    66
Block: Other             |       |     9 |    10 ||    19
